 Bloatcrawl 2 version 2.3.0-a0-108-gdc832c1 (webtiles) character file.

Game seed: 11957667258789134649, levelgen mode: deterministic

91 CUS the Stinger (level 6, 0/36 HPs)
             Began as a Ratling Venom Mage on Jan 18, 2020.
             Succumbed to an orc wizard's poison
             ... on level 2 of the Dungeon.
             The game lasted 00:04:09 (2109 turns).

CUS the Stinger (Ratling Venom Mage)                Turns: 2109, Time: 00:04:09

Health: 0/36       AC:  2    Str:  8    XL:     6   Next: 17%
Magic:  2/9        EV: 12    Int: 17    God:
Gold:   27         SH:  0    Dex: 14    Spells: 6/9 levels left Game modifiers: None

rFire    . . .     SeeInvis .   a - +0 dagger
rCold    . . .     Gourm    .   (no shield)
rNeg     . . .     Faith    .   p - +0 robe (curse)
rPois    .         Spirit   .   (no helmet)
rElec    .         Reflect  .   (no cloak)
rCorr    .         Harm     .   (no gloves)
MR       .....                  (no boots)
Stlth    ++........             (no amulet)
HPRegen  0.12/turn              (no ring)
MPRegen  0.11/turn              (no ring)

@: lethally poisoned (0 -> -12), very slightly contaminated, invisible
A: poisonous bite, fangs 2
a: no special abilities


You were on level 2 of the Dungeon.
You were not hungry.

You visited 1 branch of the dungeon, and saw 3 of its levels.

You collected 27 gold pieces.

Inventory:

Hand Weapons
 a - a +0 dagger (weapon)
 b - a +0 hunting sling
Missiles
 i - 6 datura-tipped darts
 k - 49 arrows
 l - 15 poisoned darts
 m - 30 stones (quivered)
 o - 16 bolts
Armour
 p - a cursed +0 robe (worn)
Jewellery
 g - an uncursed amulet of guardian spirit
Scrolls
 d - a scroll of amnesia {unknown}
 h - a scroll of teleportation {unknown}
 j - a scroll of blinking {unknown}
 r - a scroll of identify {unknown}
Potions
 e - a potion of invisibility
 f - 3 potions of degeneration {unknown}
 q - a potion of curing {unknown}
Comestibles
 c - 5 rations
 n - a chunk of flesh


   Skills:
 + Level 0.2 Fighting
 + Level 2.0 Dodging
 + Level 1.9 Stealth
 * Level 2.3 Spellcasting
 * Level 1.3 Transmutations
 + Level 0.2 Air Magic
 * Level 3.5 Poison Magic


You had 6 spell levels left.
You knew the following spells:

 Your Spells              Type           Power        Failure   Level  Hunger
a - Sting                 Tmut/Pois      ##..         7%          1    #......
c - Poisonous Vapours     Pois/Air       #.....       13%         2    ###....

Your spell library contained the following spells:

 Spells                   Type           Power        Failure   Level  Hunger
 Ignite Poison            Fire/Tmut/Pois #.......     28%         3    ###....
 Mephitic Cloud           Conj/Pois/Air  #.......     34%         3    ###....
 Olgreb's Toxic Radiance  Pois           ##......     41%         4    #####..


Dungeon Overview and Level Annotations

Branches:
Dungeon (3/15)

Altars:


Innate Abilities, Weirdness & Mutations

Your bite is poisonous You have extremely sharp teeth.


Message History

You feel clever.
You feel a bit more experienced. The orc hits you but does no damage.
Unknown command.
* * * LOW HITPOINT WARNING * * *
You feel sick.
* * * LOW HITPOINT WARNING * * *
You feel sick.
There is a stone staircase leading up here.
* * * LOW HITPOINT WARNING * * *
You feel sick.
The orc priest looks braver for a moment.
The orc hits you from afar with a +0 trident.
* * * LOW HITPOINT WARNING * * *
You climb upwards.
* * * LOW HITPOINT WARNING * * *
You feel sick.
There is a stone staircase leading down here.
It was a potion of invisibility.
You fade into invisibility!
You die...

########### ##### #.........#
##...## #.#######.#
#.....###### ########.###......
#..........###...........<###.#
#.....####....@######.##### #.#
##...################.### #.#
##.#...................#####.#
#.#.###############.........#
#.....# ###.####### #######.#.#
#.#.<...รท ....# #.#.#
#############.#.##### ###.#
#.#.# #...............# #.#
#.#.# #.##.###.####.###


There were no monsters in sight!

Vanquished Creatures
  Natasha (D:2)
  An orc wizard (D:3)
  An ooze (D:1)
  A dart slug (D:1)
  An orc (D:3)
  5 hobgoblins
  3 jackals (D:2)
  5 kobolds (D:1)
  A quokka (D:2)
  A ball python (D:2)
  10 bats
  A frilled lizard (D:1)
  A goblin (D:1)
  4 rats
36 creatures vanquished.

Notes
Turn   | Place    | Note
-------+----------+-------------------------------------------
     0 | D:1      | CUS the Ratling Venom Mage began the quest for the Orb.
     0 | D:1      | Reached XP level 1. HP: 11/11 MP: 3/3
    33 | D:1      | Reached XP level 2. HP: 17/17 MP: 0/4
    73 | D:1      | Learned a level 2 spell: Poisonous Vapours
   323 | D:1      | Reached XP level 3. HP: 21/21 MP: 2/5
   858 | D:1      | Reached XP level 4. HP: 13/27 MP: 0/7
  1065 | D:1      | Reached skill level 1 in Transmutations
  1894 | D:2      | Reached XP level 5. HP: 31/31 MP: 8/8
  1902 | D:2      | Noticed Natasha
  1907 | D:2      | Killed Natasha
  2104 | D:3      | Reached XP level 6. HP: 11/36 MP: 1/9
  2108 | D:2      | HP: 1/36 [poisoned by an orc wizard]
  2109 | D:2      | Succumbed to an orc wizard's poison

Levels and vault maps discovered:
D:1:      dpeg_arrival_orchard, layout_loops_corners
D:2:      layout_loops_ring, first_ration, uniq_natasha
D:3:      layout_basic, tgw_trog, okawaru_altar_gauntlet_db,
          ebering_ghost_reflecting_pool, nicolae_tso_swordbearing_angel,
          uniq_jessica

Skill      XL: |  1  2  3  4  5 |
---------------+----------------+-----
Spellcasting   | 2 |  2.3
Transmutations | 1 |  1.3
Dodging        | 2 |  2.0
Fighting       | |  0.2
Stealth        | |  1.9
Air Magic      | |  0.2
Poison Magic   | |  3.5

Action                   |  1- 3 |  4- 6 || total
-------------------------+-------+-------++-------
Melee: Dagger            |    44 |    55 ||    99
       Bite              |     3 |     3 ||     6
 Fire: Hunting sling     |     5 |       ||     5
Throw: Dart              |     1 |       ||     1
 Cast: Sting             |    11 |     3 ||    14
       Poisonous Vapours |     8 |     6 ||    14
  Use: Potion            |       |     1 ||     1
 Stab: Sleeping          |       |     3 ||     3
  Eat: Chunk             |       |     5 ||     5
Armor: Robe              |    25 |     9 ||    34
Dodge: Dodged            |    50 |    44 ||    94

Table legend:
 A = Non-vault XP
 B = Vault XP
 C = Vault XP percentage of total XP
 D = Non-vault monster count
 E = Vault monster count
 F = Vault count percentage of total count
                 A         B        C        D         E       F
            +---------+---------+-------+---------+---------+-------
      Total |      96 |      35 |  26.7 |      35 |       1 |   2.8
            +---------+---------+-------+---------+---------+-------
        D:1 |      41 |       0 |   0.0 |      22 |       0 |   0.0
        D:2 |      17 |      35 |  67.3 |      11 |       1 |   8.3
        D:3 |      38 |       0 |   0.0 |       2 |       0 |   0.0
            +---------+---------+-------+---------+---------+-------
